 Dungeon Crawl Stone Soup version 0.29-a0-334-gb41bcbb86e (webtiles) character file.

Game seed: 6452283049492130541

105305 durneh the Warrior (level 16, -2/159 (172) HPs)
             Began as a Hill Orc Chaos Knight on Apr 14, 2022.
             Was a Plaything of Xom.
             Slain by a +2 glaive of venom (3 damage)
             ... animated by Zenata
             ... on level 2 of the Elven Halls.
             The game lasted 02:32:03 (25023 turns).

durneh the Warrior (Hill Orc Chaos Knight)         Turns: 25023, Time: 02:32:09

HP:   -2/159 (172)  AC: 33    Str: 21 (23) XL:     16   Next: 41%
MP:   0/16          EV: 11    Int: 12      God:    Xom [....*.]
Gold: 2664          SH:  0    Dex:  8      Spells: 15/15 levels left

rFire   + . .      SeeInvis .   P - +8 trident of the Octopus King {venom, rElec rPois}
rCold   + + .      Faith    .   (no shield)
rNeg    . . .      Spirit   +   C - +6 chain mail "Atughast" {Harm Regen+}
rPois   +          Reflect  .   y - +2 hat
rElec   +          Harm     +   r - +2 cloak
rCorr   .          Rampage  .   U - +2 pair of gloves
Will    ++...                   l - +2 pair of boots
Stlth   ..........              A - amulet of guardian spirit
HPRegen 1.16/turn               z - ring of protection from fire
MPRegen 0.15/turn               O - ring of poison resistance

@: hasted, drained, very quick
A: horns 1, talons 2, iridescent scales 1, clumsy 1, cold resistance 2,
deterioration 1, strong-willed 1, robust 1, sturdy frame 1
a: Renounce Religion


You were on level 2 of the Elven Halls.
You worshipped Xom.
You were a beloved toy of Xom.
You visited 5 branches of the dungeon, and saw 25 of its levels.

You collected 4051 gold pieces.
You spent 1387 gold pieces at shops.

Inventory:

Hand Weapons
 e - a +1 dagger of pain
 q - a +2 vampiric quarterstaff
 P - the +8 trident of the Octopus King (weapon) {venom, rElec rPois}
   (You found it on level 6 of the Dungeon)

   It poisons the flesh of those it strikes.
   rElec:     It insulates you from electricity.
   rPois:     It protects you from poison.
Missiles
 x - 53 poisoned darts (quivered)
Armour
 l - a +2 pair of boots (worn)
 r - a +2 cloak (worn)
 y - a +2 hat (worn)
 C - the +6 chain mail "Atughast" (worn) {Harm Regen+}
   (You bought it in a shop on level 3 of the Dungeon)

   Regen:     It increases your rate of health regeneration.
   Harm:      It increases damage dealt and taken.
 D - the +8 scale mail of Disappointment {rElec rPois Int-4 Dex+2}
   (You bought it in a shop on level 3 of the Dungeon)

   Int:       It affects your intelligence (-4).
   Dex:       It affects your dexterity (+2).
   rElec:     It insulates you from electricity.
   rPois:     It protects you from poison.
 I - the +3 scale mail "Furheyng" {rPois Dex+3}
   (You found it on level 14 of the Dungeon)

   Dex:       It affects your dexterity (+3).
   rPois:     It protects you from poison.
 R - a +1 buckler of reflection
 U - a +2 pair of gloves (worn)
 V - a scarf of repulsion
Jewellery
 n - a ring of protection from cold
 s - a ring of flight
 z - a ring of protection from fire (left hand)
 A - an amulet of guardian spirit (around neck)
 E - an amulet of faith
 J - a ring of see invisible
 O - a ring of poison resistance (right hand)
 S - a ring of willpower
 T - a ring of positive energy
Wands
 B - a wand of flame (9)
 K - a wand of polymorph (12)
 M - a wand of iceblast (11)
 N - a wand of acid (5)
 W - a wand of charming (11)
 X - a wand of digging (7)
 Y - a wand of mindburst (15)
Scrolls
 a - 11 scrolls of identify
 f - 5 scrolls of enchant weapon
 h - 6 scrolls of magic mapping
 o - 11 scrolls of teleportation
 p - 2 scrolls of holy word
 u - 5 scrolls of fear
 w - 5 scrolls of silence
 H - 7 scrolls of immolation
 L - 6 scrolls of fog
Potions
 g - 10 potions of might
 i - 2 potions of curing
 j - 4 potions of haste
 k - 6 potions of magic
 m - 4 potions of mutation
 t - 2 potions of invisibility
 v - 2 potions of cancellation
 F - 2 potions of resistance
 G - 9 potions of lignification
 Q - 5 potions of brilliance
 Z - 2 potions of ambrosia
Miscellaneous
 b - a phial of floods
 c - a piece from Xom's chessboard (15/15)
 d - a phantom mirror


   Skills:
 - Level 18.0 Fighting
 - Level 5.2(12.1) Axes
 - Level 14.2(15.2) Polearms
 - Level 6.5(10.1) Staves
 - Level 12.2 Armour
 + Level 10.3 Dodging
 - Level 2.0 Stealth
 + Level 11.9 Evocations


You had 15 spell levels left.
You didn't know any spells.
Your spell library contained the following spells:

 Spells                   Type           Power      Damage    Failure   Level
 Sting                    Tmut/Pois      0%         1d3       77%         1
 Blink                    Tloc           0%         N/A       88%         2
 Corpse Rot               Necr/Air       0%         N/A       88%         2
 Poisonous Vapours        Pois/Air       0%         N/A       88%         2
 Static Discharge         Conj/Air       0%         N/A       88%         2
 Tukima's Dance           Hex            0%         N/A       98%         3
 Anguish                  Hex/Necr       0%         N/A       100%        4
 Dispel Undead            Necr           0%         3d6       100%        4
 Olgreb's Toxic Radiance  Pois           0%         N/A       100%        4
 Sticky Flame             Conj/Fire      0%         2d3       100%        4
 Manifold Assault         Tloc           0%         N/A       100%        5
 Enfeeble                 Hex            0%         N/A       100%        7
 Storm Form               Tmut/Air       0%         N/A       100%        7
 Borgnjor's Revivificati  Necr           0%         N/A       100%        8
 Necromutation            Tmut/Necr      0%         N/A       100%        8
 Death's Door             Necr           0%         N/A       100%        9


Dungeon Overview and Level Annotations

Branches:
Dungeon (14/15)            Temple (0/1) D:6            Lair (6/6) D:11
 Shoals (0/4) Lair:3        Snake (1/4) Lair:3        Slime (0/5) Lair:5
    Orc (2/2) D:9             Elf (2/3) Orc:2        Vaults (0/5) D:14

Altars:
Dithmenos
Fedhas
Hepliaklqana
Nemelex Xobeh
Qazlal
Ru
Wu Jian
Xom
Jiyva

Shops:
D:3 [   D:5 :!(*   D:6 **   Orc:2 :[([:   Elf:1 [   Snake:1 ***!

Annotations:
D:5 3 runed translucent doors, Slifar's ghost, novice DrEE
Orc:2 1 runed translucent door, AlmostDecent's ghost, journeyman VSBe
Elf:1 Roxanne
Elf:2 5 runed translucent doors, Zenata


Innate Abilities, Weirdness & Mutations

You have a pair of small horns on your head.
You have razor-sharp toenails.
You are partially covered in iridescent scales. (AC +2)
You are clumsy. (Dex -2)
Your flesh is very cold resistant. (rC++)
Your body sometimes deteriorates upon taking damage.
You are strong-willed. (Will+)
You are robust. (+10% HP)
Your movements are slightly less encumbered by armour. (ER -2)


Message History

You puncture the +3 scimitar of draining!
You destroy the +3 scimitar of draining!
The +3 scimitar of draining disappears in a puff of smoke!
Xom opens a gate.
You are now a beloved toy of Xom.
The +2 long sword of electrocution completely misses your ufetubus.
Zenata gestures at you while chanting.
A blast of power from the earth strikes you!
The +2 long sword of electrocution misses your ufetubus.
The +2 long sword of electrocution hits your ufetubus!!
Your ufetubus dies!
Your ufetubus disappears in a puff of smoke!
The +2 long sword of electrocution hits you!
* * * LOW HITPOINT WARNING * * *
You puncture the +2 long sword of electrocution!
The +2 long sword of electrocution is severely damaged.
The +2 long sword of electrocution misses you.
The +2 long sword of electrocution completely misses you.
You hit the +2 long sword of electrocution.
The +2 long sword of electrocution is almost destroyed.
The +2 long sword of electrocution completely misses you.
Zenata sends weapons flying into battle!
You impale the +2 long sword of electrocution!!
You destroy the +2 long sword of electrocution!
The +2 long sword of electrocution disappears in a puff of smoke!
You hit the +2 battleaxe of electrocution but do no damage.
You headbutt the +2 battleaxe of electrocution, but do no damage.
The +2 battleaxe of electrocution hits you but does no damage.
The +2 glaive of venom hits you from afar.
* * * LOW HITPOINT WARNING * * *
Zenata points at you and mumbles some strange words.
A blast of power from the earth and the +2 battleaxe of electrocution strikes you!
* * * LOW HITPOINT WARNING * * *
There are monsters nearby!
You feel yourself speed up.
The +2 battleaxe of electrocution hits you!!
* * * LOW HITPOINT WARNING * * *
Your body deteriorates!
You feel weakened.
The +2 glaive of venom hits you from afar.
You die...
Xom is highly amused!

#.......## #.
##.>.##### ##.
#.....# #..
##...'## #..
#...#.## #..
##+###.## ##.
#.# ##.##
#####'. #.#
##.####.##.##
###### #@#
##.##...'##
##.....## #(#
##'.....##
#.......# #(#
#.......#
#.......# #(#
##.....##
#....a((# #(#
##...##
#....(((## #.#
##.##
#.......(## #a#
###
#+.....##(###(#
###+##
##(##.#####


You could see Zenata and 5 dancing weapons.

Vanquished Creatures
  Jorgrun (D:13)
  A shadow dragon (Lair:6)
  Kirke (Lair:6)
  A quicksilver ooze (D:10)
  Nessos (Lair:6)
  2 deep elf annihilators (Elf:1)
  A fire dragon (Lair:6)
  2 hydras
  8 vault guards (D:14)
  2 anacondas (Snake:1)
  A naga warrior (Snake:1)
  A catoblepas (Lair:2)
  7 two-headed ogres
  2 boulder beetles
  8 dancing weapons
  9 death yaks
  3 naga sharpshooters (Snake:1)
  An orc high priest (Orc:2)
  Urug (Lair:3)
  A shock serpent (Snake:1)
  5 deep elf knights (Elf:1)
  Lodul (D:14)
  A deep elf archer (Elf:2)
  A swamp dragon (Lair:6)
  A lindwurm (Lair:5)
  2 naga ritualists (Snake:1)
  7 deep elf zephyrmancers
  5 mana vipers (Snake:1)
  An ugly thing (D:12)
  4 orc sorcerers (Orc:2)
  11 deep elf pyromancers
  9 cyclopes
  2 salamanders
  9 elephants (Lair:5)
  A manticore (D:12)
  17 black mambas
  2 guardian serpents
  A naga mage (Snake:1)
  An unseen horror (Snake:1)
  4 gargoyles
  A torpor snail (Lair:6)
  2 rime drakes (Lair:6)
  15 cane toads
  Psyche (D:8)
  An efreet (D:12)
  8 komodo dragons
  3 meliai (D:14)
  3 polar bears
  A queen bee (Snake:1)
  A hornet (shapeshifter) (Elf:1)
  A polar bear (shapeshifter) (Snake:1)
  4 trolls
  10 blink frogs
  A hornet (D:11)
  A wolf spider simulacrum (D:14)
  3 slime creatures
  A centaur simulacrum (D:14)
  4 shadows
  2 wraiths
  2 air elementals
  9 wyverns
  5 hogs (Lair:6)
  55 yaks
  2 yaks (shapeshifter)
  A water elemental (D:14)
  A human (D:12)
  3 steam dragons
  2 vampire mosquitoes (D:13)
  2 basilisks (Lair:6)
  Menkaure (D:4)
  A harpy simulacrum (D:14)
  12 nagas (Snake:1)
  2 wargs (D:11)
  Edmund (D:4)
  An acid dragon (Lair:6)
  23 water moccasins
  2 swamp drakes (Lair:6)
  2 ice beasts
  12 orc warriors
  A black bear (D:7)
  2 sky beasts (D:6)
  6 centaurs
  8 ogres
  A boggart (D:10)
  5 wolves
  A phantom (D:9)
  16 bullfrogs
  2 kobold brigands
  2 necrophages (D:7)
  A scorpion (D:5)
  13 wights
  3 troll zombies (D:9)
  3 killer bees
  2 electric eels (Lair:2)
  2 howler monkeys (D:10)
  3 hounds
  3 jellies
  Crazy Yiuf (D:2)
  19 orc priests
  3 gnoll shamans
  Jessica (D:2)
  26 orc wizards
  Ijyb (D:4)
  Natasha (twice) (D:4)
  6 iguanas
  5 ogre zombies (D:9)
  7 adders
  12 gnolls
  2 shadow imps
  3 white imps
  3 dart slugs
  43 orcs
  8 ball pythons
  6 endoplasms
  5 giant cockroaches
  11 goblins
  4 hobgoblins
  3 jackals (D:3)
  3 quokkas
  2 bats
  4 frilled lizards
  A goblin skeleton (D:9)
  4 goblin zombies (D:9)
  A hobgoblin skeleton (D:9)
  A hobgoblin zombie (D:9)
  21 kobolds
  4 orc skeletons (D:9)
  14 orc zombies (D:9)
  3 rats
644 creatures vanquished.

Vanquished Creatures (collateral kills)
  An anaconda (Snake:1)
  A two-headed ogre (D:14)
  A cyclops (D:14)
  A naga mage (Snake:1)
  2 steam dragons (D:8)
  A kobold brigand (D:8)
  An earth elemental (Elf:1)
  A necrophage (D:8)
  A bullfrog (D:8)
  2 orc priests
  2 orc wizards
  A white imp (D:8)
  2 orcs
17 creatures vanquished.

Vanquished Creatures (others)
  A dancing weapon (Snake:1)
  An orc sorcerer (Orc:2)
  A shadow (D:10)
  A water elemental (D:14)
  An orc warrior (Orc:2)
  An ice beast (D:4)
  An orc priest (Orc:2)
  4 orc wizards (Orc:2)
  A gnoll (D:9)
  An orc (Orc:2)
  A bat (D:9)
  3 bushes
  36 fungi
  48 plants
101 creatures vanquished.

Grand Total: 762 creatures vanquished

Notes
Turn   | Place    | Note
-------+----------+-------------------------------------------
     0 | D:1      | durneh the Hill Orc Chaos Knight began the quest for the
                  | Orb.
     0 | D:1      | Reached XP level 1. HP: 19/19 MP: 1/1
     4 | D:1      | Noticed a vampire
     6 | D:1      | Noticed a demigod
     8 | D:1      | Noticed a tengu
     8 | D:1      | Noticed a gargoyle
    10 | D:1      | Noticed a dwarf
    12 | D:1      | Noticed a naga
    12 | D:1      | Noticed a demonspawn
    14 | D:1      | Noticed an elf
    14 | D:1      | Noticed a minotaur
    16 | D:1      | Noticed an octopode
    16 | D:1      | Noticed a troll
    17 | D:1      | XOM: silly message
    18 | D:1      | Noticed a draconian
    18 | D:1      | Noticed a spriggan
    20 | D:1      | Noticed a human
    20 | D:1      | Noticed a felid
    22 | D:1      | Noticed a merfolk
    22 | D:1      | Noticed a formicid
    24 | D:1      | Noticed an ogre
    24 | D:1      | Noticed a ghoul
    26 | D:1      | Noticed a vine stalker
    60 | D:1      | Reached skill level 4 in Fighting
    60 | D:1      | Found a faded altar of an unknown god.
    75 | D:1      | Reached XP level 2. HP: 17/27 MP: 2/2
    75 | D:1      | XOM: divination: magic mapping
   301 | D:1      | XOM: divination: detect items
   781 | D:1      | Reached XP level 3. HP: 32/34 MP: 3/3
  1371 | D:2      | Found a runed translucent door.
  1372 | D:2      | Noticed Crazy Yiuf
  1377 | D:2      | Killed Crazy Yiuf
  1378 | D:2      | Reached skill level 5 in Axes
  1378 | D:2      | Reached skill level 1 in Dodging
  1378 | D:2      | Reached XP level 4. HP: 41/41 MP: 4/4
  1629 | D:2      | XOM: silly message
  1652 | D:2      | Noticed Jessica
  1659 | D:2      | Killed Jessica
  1949 | D:2      | Reached skill level 5 in Fighting
  2411 | D:3      | Reached XP level 5. HP: 20/48 MP: 5/5
  2654 | D:3      | Found a stormy altar of Qazlal.
  2654 | D:3      | XOM: 5-stop teleportation journey
  2665 | D:3      | Found Giyda's Antique Armour Shoppe.
  2733 | D:3      | XOM: 2-stop teleportation journey
  2863 | D:3      | Reached skill level 1 in Staves
  3171 | D:4      | Noticed Menkaure
  3240 | D:4      | Noticed Ijyb
  3241 | D:4      | Noticed Edmund
  3388 | D:4      | XOM: enchant monster (bad)
  3398 | D:4      | XOM: noise
  3406 | D:4      | Noticed Natasha
  3408 | D:4      | XOM: enchant monster (bad)
  3424 | D:4      | Noticed Natasha
  3424 | D:4      | Natasha changed into Natasha the ice beast
  3424 | D:4      | XOM: polymorph Natasha -> Natasha the ice beast
  3430 | D:4      | XOM: divination: detect creatures
  3446 | D:4      | Killed Natasha the ice beast
  3446 | D:4      | XOM: destruction
  3475 | D:4      | XOM: enchant monster (bad)
  3513 | D:3      | XOM: god gift: 675 gold pieces
  3539 | D:3      | XOM: god gift: bardiche {god gift}
  3569 | D:3      | Bought a fading chain mail for 247 gold pieces
  3569 | D:3      | Identified the +6 chain mail "Atughast" {Harm Regen+} (You
                  | bought it in a shop on level 3 of the Dungeon)
  3569 | D:3      | Bought a translucent scale mail for 234 gold pieces
  3569 | D:3      | Identified the +8 scale mail of Disappointment {rElec rPois
                  | Int-4 Dex+2} (You bought it in a shop on level 3 of the
                  | Dungeon)
  3655 | D:4      | XOM: silly message
  3741 | D:4      | Killed Menkaure
  3742 | D:4      | Reached XP level 6. HP: 12/56 MP: 1/6
  3804 | D:4      | XOM: divination: detect items
  3834 | D:4      | Killed Ijyb
  3949 | D:4      | Noticed Natasha
  3962 | D:4      | Killed Natasha
  4006 | D:4      | Identified the +0 hat of the Fletcher {Harm rCorr Str-2}
  4022 | D:4      | XOM: chaos upgrade
  4224 | D:4      | Noticed Natasha
  4226 | D:4      | Killed Natasha
  4274 | D:4      | Reached XP level 7. HP: 38/38 MP: 7/7
  4293 | D:4      | Killed Edmund
  4294 | D:4      | Reached skill level 1 in Stealth
  4506 | D:5      | Entered Level 5 of the Dungeon
  4506 | D:5      | Found Asegguu's Book Boutique.
  4611 | D:5      | Reached skill level 5 in Staves
  4782 | D:5      | Found Vedote's Distillery.
  4894 | D:5      | Reached XP level 8. HP: 69/69 MP: 8/8
  4965 | D:5      | XOM: stat loss: -1 Str (16/17)
  5012 | D:5      | XOM: draining
  5034 | D:5      | Found a hazy altar of Hepliaklqana.
  5276 | D:5      | Found Tearrovo's Assorted Antiques.
  5287 | D:5      | Bought a scroll labelled MAKLYMP XEXKEICY for 22 gold
                  | pieces
  5287 | D:5      | Bought a warped chain mail for 209 gold pieces
  5287 | D:5      | Identified the +1 chain mail "Bir Bupt" {Int+5} (You bought
                  | it in a shop on level 5 of the Dungeon)
  5287 | D:5      | Bought a scroll labelled NIWNIXIFRA for 22 gold pieces
  5287 | D:5      | Bought a golden potion for 19 gold pieces
  5290 | D:5      | Found a runed translucent gate.
  5290 | D:5      | Found a runed translucent gate.
  5290 | D:5      | Found a runed translucent gate.
  5291 | D:5      | Noticed Slifar's ghost (novice DrEE)
  5344 | D:5      | Found Ditaik's Weapon Boutique.
  5656 | D:5      | XOM: give mutation
  5656 | D:5      | Gained mutation: You are clumsy. (Dex -2) [Xom's mischief]
  5793 | D:6      | Found the +8 trident of the Octopus King {venom, rElec
                  | rPois}
  5836 | D:6      | Reached skill level 1 in Polearms
  5839 | D:6      | Found Lodoll's Specific Store.
  5841 | D:6      | Found Pimn's General Store.
  5936 | D:6      | Found a staircase to the Ecumenical Temple.
  6138 | D:6      | Found a sacrificial altar of Ru.
  6242 | D:6      | Found a sparkling altar of Nemelex Xobeh.
  6356 | D:6      | Reached skill level 5 in Polearms
  6396 | D:7      | Noticed a wyvern
  6399 | D:7      | Killed a wyvern
  6400 | D:7      | Reached XP level 9. HP: 75/75 MP: 9/9
  6437 | D:7      | XOM: summons 2 hostile demons
  6441 | D:7      | XOM: cast spell 'Alistair's Intoxication'
  6686 | D:7      | XOM: cloud trail
  7024 | D:7      | XOM: scenery: create altars
  7104 | D:7      | XOM: divination: detect items
  7321 | D:8      | XOM: potion effect (berserk rage)
  7345 | D:8      | Noticed Psyche
  7345 | D:8      | XOM: 10-stop teleportation journey
  7354 | D:8      | XOM: 4-stop teleportation journey
  7388 | D:8      | Killed Psyche
  7481 | D:8      | Reached skill level 10 in Polearms
  7496 | D:8      | Reached XP level 10. HP: 74/83 MP: 8/10
  7627 | D:8      | Identified the +4 falchion "Xielik" {vamp, rC+ Str+2}
  8032 | D:9      | Identified the +1 leather armour "Tinoti" {Harm rCorr
                  | Int+4}
  8063 | D:9      | XOM: polymorph gnoll -> kobold
  8079 | D:9      | XOM: polymorph kobold -> bat
  8090 | D:9      | XOM: destruction
  8103 | D:9      | XOM: scenery: summon butterflies
  8225 | D:9      | Found a staircase to the Orcish Mines.
  8393 | D:9      | XOM: scenery: create altars
  8449 | D:9      | Noticed a cyclops
  8521 | D:9      | XOM: scenery: summon butterflies
  8535 | D:9      | Found a flagged portal.
  8843 | D:9      | XOM: god gift: hand crossbow {god gift}
  8891 | D:10     | Entered Level 10 of the Dungeon
  8996 | D:10     | Identified the +2 robe of Ethics {rN+ Str+5 Int+3 Dex+2
                  | Stlth-}
  9049 | D:10     | Noticed a deep elf pyromancer
  9064 | D:10     | Killed a deep elf pyromancer
  9065 | D:10     | Reached XP level 11. HP: 89/89 MP: 9/11
  9122 | D:10     | Noticed a catoblepas
  9125 | D:10     | Reached skill level 6 in Fighting
  9130 | D:10     | Noticed a quicksilver ooze
  9130 | D:10     | a catoblepas changed into a quicksilver ooze
  9130 | D:10     | XOM: polymorph catoblepas -> quicksilver ooze
  9142 | D:10     | Killed a quicksilver ooze
  9143 | D:10     | Reached skill level 7 in Fighting
  9148 | D:10     | XOM: silly message
  9165 | D:10     | Reached skill level 5 in Armour
  9277 | D:10     | XOM: silly message
  9363 | D:10     | Found a shadowy altar of Dithmenos.
  9480 | D:10     | Found a blossoming altar of Fedhas.
  9643 | D:11     | Reached skill level 8 in Fighting
  9649 | D:11     | XOM: divination: detect creatures
  9752 | D:11     | Found a staircase to the Lair.
  9753 | D:11     | XOM: noise
  9775 | D:11     | Noticed a two-headed ogre
  9788 | D:11     | Killed a two-headed ogre
  9789 | D:11     | Reached skill level 9 in Fighting
  9882 | D:11     | XOM: potion effect (berserk rage)
  9891 | D:11     | XOM: potion effect (haste)
  9939 | D:11     | XOM: divination: detect items
  9957 | D:11     | Reached skill level 10 in Fighting
 10342 | D:11     | XOM: god gift: 26 gold pieces
 10430 | D:12     | Noticed a boulder beetle
 10439 | D:12     | XOM: enchant monster (bad)
 10440 | D:12     | Killed a boulder beetle
 10494 | D:12     | You fall into a shaft and drop 1 floor!
 10677 | D:13     | Found a gate leading to a gauntlet.
 10677 | D:13     | Noticed a deep elf pyromancer
 10683 | D:13     | Killed a deep elf pyromancer
 10716 | D:12     | Reached XP level 12. HP: 86/108 MP: 8/12
 10725 | D:12     | Reached skill level 11 in Fighting
 10735 | D:13     | XOM: enchant monster (good)
 10800 | D:12     | XOM: divination: detect items
 10801 | D:12     | XOM: divination: detect items
 10968 | D:12     | XOM: scenery: 1 doors close
 10976 | D:12     | XOM: enchant monster (good)
 11013 | D:12     | Reached skill level 12 in Fighting
 11188 | D:12     | XOM: give mutations
 11188 | D:12     | Gained mutation: Your body sometimes deteriorates upon
                  | taking damage. [Xom's mischief]
 11188 | D:12     | Gained mutation: You are very clumsy. (Dex -4) [Xom's
                  | mischief]
 11188 | D:12     | Lost mutation: You are very clumsy. (Dex -4) [Xom's
                  | mischief]
 11388 | D:12     | Noticed a five-headed hydra
 11399 | D:12     | Killed a five-headed hydra
 11686 | D:13     | XOM: potion effect (might)
 11690 | D:13     | Reached skill level 13 in Fighting
 11731 | D:13     | Noticed a two-headed ogre
 11735 | D:13     | Killed a two-headed ogre
 11833 | D:13     | Noticed Jorgrun
 11863 | D:13     | XOM: potion effect (magic)
 11865 | D:13     | Killed Jorgrun
 12023 | D:13     | XOM: silly message
 12334 | D:13     | XOM: give mutations
 12334 | D:13     | Gained mutation: You have hidden genetic potential. [Xom's
                  | grace]
 12334 | D:13     | Gained mutation: You are robust. (+10% HP) [Xom's grace]
 12347 | D:14     | XOM: scenery: create altars
 12358 | D:14     | Identified the +3 scale mail "Furheyng" {rPois Dex+3}
 12398 | D:14     | Reached skill level 14 in Fighting
 12406 | D:14     | XOM: summons 7 friendly demons
 12447 | D:14     | XOM: god gift: 26 gold pieces
 12566 | D:14     | XOM: enchant monster (bad)
 12571 | D:14     | Noticed a five-headed hydra
 12576 | D:14     | XOM: confusion
 12580 | D:14     | XOM is BORED!
 12580 | D:14     | XOM: noise
 12583 | D:14     | Killed a five-headed hydra
 12584 | D:14     | Reached XP level 13. HP: 65/137 MP: 6/13
 12612 | D:14     | Noticed a vault guard
 12623 | D:14     | Noticed a vault guard
 12629 | D:14     | Killed a vault guard
 12630 | D:14     | Reached skill level 10 in Armour
 12637 | D:14     | XOM: divination: detect creatures
 12645 | D:14     | XOM: summons 6 friendly demons
 12663 | D:14     | Killed a vault guard
 12664 | D:14     | Reached skill level 15 in Fighting
 12680 | D:14     | Noticed a vault guard
 12680 | D:14     | Noticed a vault guard
 12683 | D:14     | Noticed a vault guard
 12685 | D:14     | XOM: destruction
 12686 | D:14     | XOM: summons 8 friendly demons
 12689 | D:14     | Noticed a vault guard
 12697 | D:14     | Killed a vault guard
 12701 | D:14     | XOM: enchant monster (good)
 12705 | D:14     | Killed a vault guard
 12707 | D:14     | XOM: scenery: create altars
 12716 | D:14     | Killed a vault guard
 12724 | D:14     | Killed a vault guard
 12752 | D:14     | Noticed a vault guard
 12763 | D:14     | Killed a vault guard
 12799 | D:14     | Noticed a vault guard
 12810 | D:14     | Killed a vault guard
 12826 | D:14     | Found a gate to the Vaults.
 12898 | D:14     | XOM: cloud trail
 12993 | D:14     | XOM: summons friendly crimson imp
 13033 | D:14     | XOM: divination: detect creatures
 13143 | D:14     | Reached skill level 16 in Fighting
 13157 | D:14     | Gained mutation: You have sharp toenails. [hidden
                  | potential]
 13379 | D:14     | Noticed Lodul
 13385 | D:14     | XOM: cast spell 'Summon Hydra'
 13398 | D:14     | XOM: enchant monster (bad)
 13413 | D:14     | Paralysed by Lodul for 5 turns
 13419 | D:14     | Killed Lodul
 13904 | Lair:1   | Entered Level 1 of the Lair of Beasts
 14044 | Lair:1   | XOM: potion effect (curing)
 14111 | Lair:1   | XOM: stat loss: -1 Str (19/20)
 14206 | Lair:1   | XOM: god gift: potion of curing
 14261 | Lair:1   | Reached skill level 17 in Fighting
 14317 | Lair:1   | XOM: 2-stop teleportation journey
 14413 | Lair:1   | XOM is BORED!
 14713 | Lair:2   | XOM: potion effect (might)
 14760 | Lair:2   | XOM: potion effect (might)
 14765 | Lair:2   | XOM: potion effect (heal wounds)
 14766 | Lair:2   | XOM: potion effect (magic)
 14781 | Lair:2   | Reached XP level 14. HP: 119/154 MP: 11/14
 14832 | Lair:2   | XOM: cloud trail
 14997 | Lair:2   | XOM: confuse monster(s)
 15070 | Lair:2   | XOM: 4-stop teleportation journey
 15109 | Lair:2   | XOM: confuse monster(s)
 15150 | Lair:2   | XOM: summons 6 friendly demons
 15159 | Lair:2   | XOM: polymorph quasit -> ufetubus
 15162 | Lair:2   | XOM: scenery: summon butterflies
 15168 | Lair:2   | Reached skill level 18 in Fighting
 15631 | Lair:3   | Reached skill level 1 in Evocations
 15666 | Lair:3   | Found a staircase to the Shoals.
 15669 | Lair:3   | XOM: enchant monster (bad)
 15681 | Lair:3   | XOM: silly message
 15754 | Lair:3   | Found a staircase to the Snake Pit.
 15756 | Lair:3   | XOM: polymorph black mamba -> salamander
 15765 | Lair:3   | XOM: noise
 15776 | Lair:3   | XOM: blink monster(s)
 15797 | Lair:3   | XOM: smoke on damage
 15864 | Lair:3   | XOM: 2-stop teleportation journey
 15911 | Lair:3   | Identified the +6 leather armour of Ziamn {+Inv Int-5
                  | Dex+5}
 15929 | Lair:3   | Noticed Urug
 15947 | Lair:3   | XOM: 1-stop teleportation journey
 15948 | Lair:3   | XOM: polymorph yak -> guardian serpent
 15967 | Lair:3   | Killed Urug
 16032 | Lair:3   | XOM: divination: detect creatures
 16234 | Lair:3   | XOM: polymorph komodo dragon -> cane toad
 16241 | Lair:3   | XOM: silly message
 16371 | Lair:4   | XOM: 1-stop teleportation journey
 16514 | Lair:4   | XOM: enchant monster (bad)
 16562 | Lair:4   | XOM: cast spell 'Leda's Liquefaction'
 16567 | Lair:4   | XOM: enchant monster (bad)
 16582 | Lair:4   | XOM: scenery: 3 fountains blood, 1 doors open
 17012 | Lair:4   | XOM: summons 8 hostile demons
 17207 | Lair:5   | Reached skill level 5 in Evocations
 17365 | Lair:5   | Found a staircase to the Slime Pits.
 17366 | Lair:5   | Found a viscous altar of Jiyva.
 17427 | Lair:5   | Found a dark tunnel.
 17495 | Lair:5   | XOM: noise
 17498 | Lair:5   | XOM: noise
 17507 | Lair:5   | XOM: divination: detect creatures
 17516 | Lair:5   | Reached skill level 5 in Dodging
 17557 | Lair:5   | XOM: potion effect (brilliance)
 17590 | Lair:5   | XOM: noise
 17593 | Lair:5   | XOM: cast spell 'Summon Ice Beast'
 17599 | Lair:5   | XOM: confuse monster(s)
 17612 | Lair:5   | XOM: potion effect (curing)
 18223 | Lair:6   | Entered Level 6 of the Lair of Beasts
 18223 | Lair:6   | Noticed Kirke
 18244 | Lair:6   | Reached XP level 15. HP: 151/163 MP: 12/15
 18255 | Lair:6   | XOM: summons 2 friendly demons
 18269 | Lair:6   | Killed Kirke
 18273 | Lair:6   | XOM: fake destruction
 18429 | Lair:6   | Noticed Nessos
 18447 | Lair:6   | Noticed a fenstrider witch
 18447 | Lair:6   | a catoblepas changed into a fenstrider witch
 18447 | Lair:6   | XOM: polymorph catoblepas -> fenstrider witch
 18451 | Lair:6   | Paralysed by a fenstrider witch for 6 turns
 18458 | Lair:6   | XOM: blink monster(s)
 18472 | Lair:6   | XOM: summons 15 friendly demons
 18747 | Lair:6   | XOM: destruction
 18810 | Lair:6   | Noticed a shadow dragon
 18810 | Lair:6   | a fenstrider witch changed into a shadow dragon
 18810 | Lair:6   | XOM: polymorph fenstrider witch -> shadow dragon
 18821 | Lair:6   | XOM: summons 14 friendly demons
 18830 | Lair:6   | XOM: 1-stop teleportation journey
 18836 | Lair:6   | Killed a shadow dragon
 18922 | Lair:6   | XOM: enchant monster (bad)
 18923 | Lair:6   | XOM: polymorph yak -> cyclops
 18939 | Lair:6   | XOM: torment (58/157 hp)
 18955 | Lair:6   | XOM: enchant monster (bad)
 19157 | Lair:6   | Gained mutation: Your movements are slightly less
                  | encumbered by armour. (ER -2) [hidden potential]
 19157 | Lair:6   | Lost mutation: You have hidden genetic potential. [hidden
                  | potential expressed]
 19199 | Lair:6   | XOM: 3-stop teleportation journey
 19337 | Lair:6   | XOM: noise
 19375 | Lair:6   | XOM: noise
 19436 | Lair:6   | XOM: chaos upgrade
 19441 | Lair:6   | XOM: enchant monster (bad)
 19447 | Lair:6   | Killed Nessos
 20008 | Lair:6   | Identified the +1 cloak "Ilogaumi" {Int+6}
 20058 | Lair:6   | XOM: draining
 20209 | Lair:6   | XOM: stat loss: -1 Int (10/12)
 20214 | Lair:6   | XOM: silly message
 20552 | Snake:1  | Entered Level 1 of the Snake Pit
 20566 | Snake:1  | XOM: polymorph black mamba -> shapeshifter
 20599 | Snake:1  | XOM: summons 4 hostile demons
 20604 | Snake:1  | XOM: enchant monster (bad)
 20627 | Snake:1  | HP: 6/154 [hellwing[Xom] (8)]
 20787 | Snake:1  | XOM: 1-stop teleportation journey
 20794 | Snake:1  | XOM: polymorph black mamba -> shapeshifter
 20808 | Snake:1  | XOM: polymorph black mamba -> queen bee
 20828 | Snake:1  | XOM: divine lightning
 20834 | Snake:1  | XOM: divine lightning
 20848 | Snake:1  | XOM: cleaving
 20939 | Snake:1  | XOM: god gift: staff of cold
 20940 | Snake:1  | XOM: give mutations
 20940 | Snake:1  | Gained mutation: You have a pair of small horns on your
                  | head. [Xom's grace]
 20940 | Snake:1  | Gained mutation: Your flesh is cold resistant. (rC+) [Xom's
                  | grace]
 21034 | Snake:1  | XOM: scenery: create altars
 21085 | Snake:1  | Found Xaisapt's Gadget Gallery.
 21103 | Snake:1  | XOM: scenery: create altars
 21132 | Snake:1  | XOM: summons friendly hellwing
 21140 | Snake:1  | XOM: polymorph hellwing -> rust devil
 21175 | Snake:1  | Found an ornate altar of the Wu Jian Council.
 21193 | Snake:1  | Reached skill level 10 in Evocations
 21220 | Snake:1  | XOM: fake destruction
 21259 | Snake:1  | XOM: scenery: 1 doors close
 21332 | Snake:1  | Found Xuxu's Assorted Antiques.
 21334 | Snake:1  | Found Mishuol's Assorted Antiques.
 21336 | Snake:1  | Found Tellurph's Distillery.
 21342 | Snake:1  | Bought a wooden ring for 160 gold pieces
 21344 | Snake:1  | Bought a potion of curing for 45 gold pieces
 21344 | Snake:1  | Bought a potion of ambrosia for 120 gold pieces
 21344 | Snake:1  | Bought a potion of curing for 45 gold pieces
 21429 | Snake:1  | XOM: polymorph naga ritualist -> something unseen
 21441 | Snake:1  | XOM: confuse monster(s)
 21709 | Snake:1  | XOM: god gift: halberd {god gift}
 21909 | Snake:1  | XOM: cloud trail
 22046 | Lair:3   | XOM: scenery: 1 doors open
 22258 | Orc:1    | Entered Level 1 of the Orcish Mines
 22260 | Orc:1    | XOM: cloud trail
 22359 | Orc:2    | Entered Level 2 of the Orcish Mines
 22433 | Orc:2    | Found Efagh's Book Shoppe.
 22451 | Orc:2    | XOM: fog
 22479 | Orc:2    | XOM: god gift: 695 gold pieces
 22480 | Orc:2    | Paralysed by an orc sorcerer for 2 turns
 22514 | Orc:2    | XOM: divine lightning
 22577 | Orc:2    | XOM: god gift: crooked smoking staff {god gift}
 22603 | Orc:2    | Paralysed by an orc sorcerer for 4 turns
 22607 | Orc:2    | XOM: divination: detect creatures
 22707 | Orc:2    | XOM: noise
 22722 | Orc:2    | XOM: god gift: hand crossbow {god gift}
 22799 | Orc:2    | XOM: divination: magic mapping
 22814 | Orc:2    | XOM: potion effect (curing)
 22871 | Orc:2    | XOM: cloud trail
 22918 | Orc:2    | Paralysed by you for 6 turns
 23068 | Orc:2    | Found a staircase to the Elven Halls.
 23149 | Orc:2    | Found a runed translucent door.
 23149 | Orc:2    | Found a shimmering altar of Xom.
 23149 | Orc:2    | Noticed AlmostDecent's ghost (journeyman VSBe)
 23218 | Orc:2    | XOM: summons 15 friendly demons
 23367 | Orc:2    | Found Eddezil's Antique Armour Shop.
 23367 | Orc:2    | Found Caceciz's Antique Armour Boutique.
 23368 | Orc:2    | Found Danumer's Antique Weapon Boutique.
 23372 | Orc:2    | Found Jawado's Book Shop.
 23380 | Orc:2    | Bought an embroidered scarf for 264 gold pieces
 23395 | Orc:2    | Reached XP level 16. HP: 165/166 MP: 16/16
 23447 | Orc:2    | XOM: give mutations
 23447 | Orc:2    | Gained mutation: You are strong-willed. (Will+) [Xom's
                  | grace]
 23447 | Orc:2    | Gained mutation: You have razor-sharp toenails. [Xom's
                  | grace]
 23447 | Orc:2    | Gained mutation: Your flesh is very cold resistant. (rC++)
                  | [Xom's grace]
 23447 | Orc:2    | Gained mutation: You are partially covered in iridescent
                  | scales. (AC +2) [Xom's grace]
 23795 | Elf:1    | Entered Level 1 of the Elven Halls
 23920 | Elf:1    | XOM: chaos upgrade
 23926 | Elf:1    | XOM: summons 4 friendly demons
 23928 | Elf:1    | XOM: swap monsters
 23936 | Elf:1    | XOM: silly message
 23985 | Elf:1    | XOM: 1-stop teleportation journey
 24182 | Elf:1    | Noticed Roxanne
 24227 | Elf:1    | XOM: polymorph deep elf knight -> shapeshifter
 24229 | Elf:1    | Paralysed by a hornet for 2 turns
 24289 | Elf:1    | Reached skill level 10 in Dodging
 24400 | Elf:1    | Found Otior's Armour Shop.
 24412 | Elf:1    | XOM: cast spell 'Monstrous Menagerie'
 24505 | Elf:1    | Paralysed by an air elemental for 1 turns
 24528 | Elf:1    | XOM: god gift: 46 gold pieces
 24731 | Elf:1    | XOM: god gift: scale mail {god gift}
 24850 | Elf:2    | XOM: cleaving
 24885 | Elf:2    | Found a huge runed translucent gate.
 24885 | Elf:2    | Found a huge runed translucent gate.
 24885 | Elf:2    | Found a huge runed translucent gate.
 24885 | Elf:2    | Found a huge runed translucent gate.
 24886 | Elf:2    | Found a huge runed translucent gate.
 24958 | Elf:2    | Noticed Zenata
 24968 | Elf:2    | XOM: summons 2 friendly demons
 24973 | Elf:2    | XOM: enchant monster (good)
 25010 | Elf:2    | XOM: scenery: 1 doors close
 25015 | Elf:2    | XOM: summons friendly ufetubus
 25023 | Elf:2    | HP: 1/159 [+2 battleaxe of electrocution[Zenata] (22)]
 25023 | Elf:2    | Slain by a +2 glaive of venom

Illustrated notes

Levels and vault maps discovered:
D:1:      kb_arrival_jail, layout_basic, basic_ecumenical_altar
D:2:      layout_loops_corners, serial_bayou_crossing, uniq_jessica,
          uniq_crazy_yiuf_cottage
D:3:      layout_loops_cross, nicolae_qazlal_general_emergency, serial_shops,
          shop
D:4:      layout_loops_ring, uniq_ijyb, uniq_menkaure, uniq_edmund, uniq_natasha
D:5:      layout_basic, nzn_hepliaklqana_mist_gate, serial_shops,
          nicolae_stop_n_shop_2, shop, nicolae_inconvenience_store, shop,
          ebering_ghost_rock_garden, minmay_liquid_box, kb_lookout_dungeons_type
D:6:      layout_basic, nicolae_ru_the_path_less_chosen, amcnicky_altar_gilded,
          minmay_temple_entry_statues_fountains, nicolae_specific_store
D:7:      layout_basic, kennysheep_decorative_pillar, hangedman_decor_slide_cut
D:8:      layout_basic, hangedman_abyss_or_decor_jellyfish_corner,
          minmay_increasing_density, uniq_psyche
D:9:      layout_cave_pools, zombieorc2_lemuel, enter_bailey_2,
          minmay_hedge_maze, lightli_corner_chamber
D:10:     layout_loops_ring, fedhas_bush_and_centaur_altar,
          grunt_dithmenos_smoke, minmay_bent
D:11:     layout_small_grid, erik_lair_orcish_takeover, serial_bayou_pond_a,
          amcnicky_mini_corridor_feature
D:12:     layout_irregular_city, grunt_livestock
D:13:     layout_layer_cave, gauntlet_entry_generic, nicolae_figureground_pulse,
          uniq_jorgrun
D:14:     layout_loops_corners, erik_vaults_2, serial_ice, serial_ice_i,
          serial_ice_a, serial_ice_m, serial_ice_h, minmay_misc_feat_ornament,
          uniq_lodul
Lair:1:   layout_loops_ring, chequers_serial_rivers_micro_a
Lair:2:   layout_loops_ring, guppyfry_lair_drakes, infiniplex_staircase_pool,
          grunt_megastairs_4
Lair:3:   layout_roguey, shoals_dummy_entry, minmay_snake_entry_six_corridors,
          uniq_urug
Lair:4:   layout_roguey, grunt_megastairs_5
Lair:5:   layout_layer_cave, slime_altar_1, lightli_volcano_entry_magma_tube
Lair:6:   guppyfry_lair_end_dragon, layout_regular_city, grunt_megastairs_1,
          lemuel_fruit_fields, uniq_nessos, uniq_kirke
Snake:1:  layout_basic, basic_altar, grunt_ministairs_13, nicolae_shop_gadgets,
          minmay_shop_star, grunt_megastairs_3, lemuel_fruit_tree
Orc:1:    layout_caves
Orc:2:    st_orc_mages, layout_caves, serial_shops, shop_fountains,
          ebering_ghost_xom
Elf:1:    nicolae_elf_arrival_fired_up, layout_geoelf_diagonals, serial_shops,
          shop, evilmike_minifort, uniq_roxanne
Elf:2:    elven_hall_of_blades_hangedman_alternative
          [nicolae_blade_entry_floor_patterns], layout_geoelf_diagonals,
          uniq_zenata, uniq_azrael

Skill      XL: |  1  2  3  4  5  6  7  8  9 10 11 12 13 14 15 16 |
---------------+-------------------------------------------------+-----
Fighting       | 4 5 10 14 17 18 | 18.0
Axes           | 5 |  5.2
Dodging        | 1 6 9 10 | 10.3
Staves         | 3 5 6 |  6.5
Armour         | 3 4 7 9 11 12 | 12.2
Stealth        | 1 2 |  2.0
Polearms       | 6 10 14 | 14.2
Evocations     | 7 10 11 | 11.9

Action                   |  1- 3 |  4- 6 |  7- 9 | 10-12 | 13-15 | 16-18 || total
-------------------------+-------+-------+-------+-------+-------+-------++-------
Melee: Hand axe          |    84 |       |       |       |       |       ||    84
       Punch             |     1 |       |     1 |     4 |    18 |     1 ||    25
       Quarterstaff      |       |   149 |   129 |       |       |       ||   278
       Trident           |       |       |    97 |   564 |  1362 |   191 ||  2214
       Headbutt          |       |       |       |       |    52 |    31 ||    83
       Unarmed           |       |       |       |       |     4 |       ||     4
Evoke: Piece from Xom's  |       |     5 |     3 |     3 |     1 |       ||    12
  Use: Scroll            |       |       |    10 |    20 |    14 |     2 ||    46
       Potion            |       |       |       |       |    11 |     2 ||    13
 Stab: Paralysed         |       |     1 |     7 |     1 |     3 |       ||    12
       Petrified         |       |     2 |       |       |       |       ||     2
       Sleeping          |       |       |     1 |       |       |     1 ||     2
       Petrifying        |       |       |       |     1 |       |       ||     1
       Distracted        |       |       |       |       |     4 |     1 ||     5
       Confused          |       |       |       |       |     2 |       ||     2
Armor: Leather armour    |    34 |    40 |       |       |       |       ||    74
       Chain mail        |       |    62 |   153 |   161 |   884 |    99 ||  1359
Dodge: Dodged            |    29 |    71 |    77 |   101 |   570 |    40 ||   888

Table legend: (Time is in decaauts)
 A = Elapsed time spent in this place.
 B = Non-inter-level travel time spent in this place.
 C = Inter-level travel time spent in this place.
 D = Time resting spent in this place.
 E = Time spent auto-exploring this place.
 F = Levels seen in this place.
 G = Mean time per level.
                   A        B        C        D        E       F      G
               +--------+--------+--------+--------+--------+-----+--------+
         Total |  24283 |  19669 |   4614 |   1302 |  13349 |  25 |  971.3 |
       Dungeon |  13739 |  11026 |   2713 |    639 |   7608 |  14 |  981.4 |
          Lair |   6531 |   5365 |   1166 |    405 |   3688 |   6 | 1088.5 |
     Snake Pit |   1387 |   1175 |    212 |    179 |    646 |   1 | 1387.0 |
  Orcish Mines |   1473 |   1103 |    370 |     79 |    689 |   2 |  736.5 |
   Elven Halls |   1151 |    998 |    153 |      0 |    717 |   2 |  575.5 |
               +--------+--------+--------+--------+--------+-----+--------+

Top non-repeatable levels by time:
  Lair:6: 1745 daAuts
  Lair:5: 1391 daAuts
 Snake:1: 1387 daAuts
   Orc:2: 1330 daAuts
    D:14: 1274 daAuts
     D:2: 1243 daAuts
     D:4: 1204 daAuts
    D:13: 1178 daAuts
     D:5: 1160 daAuts
     D:3: 1081 daAuts
     D:1: 1056 daAuts
  Lair:2: 950 daAuts
     D:7: 916 daAuts
    D:11: 909 daAuts
   Elf:1: 883 daAuts
